Map: Sludge City

Players

Shredder - Winner!

  • Race: Terran Terran
  • Spawn Location: 5:00

Erazure - Winner!

  • Race: Zerg Zerg
  • League: Diamond
  • Spawn Location: 5:00

Tenonee

  • Race: Zerg Zerg
  • League: Diamond
  • Spawn Location: 9:00

CptHindsight

  • Race: Terran Terran
  • Spawn Location: 11:00

VOD

Have the link to the VOD?

Description

Time

  • Played on: July 26, 2016, 1:25 p.m.
  • Length: 11:44
Show
View Real Time Build Order
Export as new Build Order

Shredder Terran - Winner!

Build Orders:  

Get SALT Encoding   

  12  0:02  SCV  
  13  0:14  SCV  
  14  0:21  Supply Depot  
  14  0:33  Refinery  
  14  0:48  Barracks  
  14  1:10  SCV  
  15  1:22  SCV  
  15  1:25  Refinery  
  16  1:37  Marine  
  16  1:39  Orbital Command  
  17  1:46  Supply Depot  
  17  1:55  Marine  
  18  2:05  Factory, SCV  
  19  2:15  Marine  
  20  2:18  SCV  
  21  2:30  SCV  
  21  2:34  Marine  
  23  2:40  Supply Depot  
  23  2:42  SCV  
  24  2:49  Factory Tech Lab  
  24  2:52  Starport, Marine  
  24  2:55  SCV  
  24  2:58  Supply Depot  
  26  3:08  SCV  
  26  3:11  Engineering Bay  
  27  3:13  Marine, Siege Tank  
  31  3:22  SCV  
  32  3:28  Medivac  
  32  3:31  Marine  
  36  3:34  SCV  
  36  3:43  Missile Turret  
  36  3:45  Siege Tank  
  36  3:48  SCV  
  40  3:49  Marine  
  41  3:58  Medivac  
  43  4:06  Command Center  
  43  4:17  Marine, Siege Tank  
  47  4:42  Starport Reactor  
  47  4:48  Supply Depot  
  47  5:10  Marine, Siege Tank, SCV  
  47  5:12  Supply Depot  
  52  5:22  SCV  
  52  5:27  Marine  
  53  5:34  SCV  
  50  5:41  Viking x2  
  51  5:43  Orbital Command  
  51  5:45  Marine  
  52  6:03  Marine  
  53  6:11  Viking, SCV  
  53  6:14  Missile Turret  
  53  6:15  SCV  
  57  6:21  Marine  
  57  6:24  SCV  
  59  6:27  SCV  
  59  6:30  Refinery  
  60  6:41  Refinery  
  60  6:51  Siege Tank  
  60  6:52  Viking x2  
  67  7:01  Barracks Tech Lab  
  67  7:03  SCV  
  69  7:08  SCV  
  70  7:15  SCV  
  70  7:20  SCV  
  71  7:27  SCV  
  69  7:32  SCV  
  61  7:48  Marine  
  61  7:50  Combat Shields  
  58  7:52  Siege Tank  
  58  8:06  Marine  
  59  8:19  Viking x2  
  63  8:20  SCV  
  63  8:24  Marine, Siege Tank  
  68  8:32  SCV  
  69  8:36  Barracks  
  67  8:42  Marine  
  67  8:43  Command Center  
  67  8:44  SCV  
  69  8:49  Viking  
  69  8:59  Marine  
  70  9:17  Marine  
  70  9:23  Siege Tank  
  74  9:25  Viking x2  
  74  9:26  Barracks Reactor  
  78  9:31  Armory  
  78  9:33  Factory  
  78  9:38  Marine  
  67  9:55  Siege Tank  
  67  9:56  Marine  
  71  10:06  Marine x2  
  73  10:07  Liberator, Orbital Command  
  73  10:08  Liberator  
  73  10:09  Refinery, SCV  
  73  10:14  Marine  
  74  10:21  SCV  
  76  10:22  Factory Tech Lab  
  76  10:23  Marine  
  76  10:26  Marine  
  76  10:27  Siege Tank  
  87  10:31  Marine  
  87  10:33  SCV x2  
  90  10:45  SCV  
  90  10:49  Marine  
  87  10:57  SCV  
  87  10:59  Siege Tank  
  90  11:09  Marine, SCV  
  92  11:19  Supply Depot  
  92  11:21  SCV  
  92  11:23  Supply Depot  
  93  11:34  Refinery  
  93  11:35  Supply Depot  
  93  11:41  Supply Depot  
Show
View Real Time Build Order
Export as new Build Order

Erazure Zerg - Winner!

Build Orders: Hatch First 

Get SALT Encoding   

  12  0:01  Drone  
  13  0:12  Overlord  
  13  0:17  Drone  
  14  0:32  Drone  
  15  0:43  Drone  
  16  0:51  Hatchery  
  16  0:53  Extractor  
  16  0:54  Drone  
  15  0:59  Drone  
  16  1:07  Drone  
  17  1:19  Spawning Pool  
  17  1:20  Drone  
  17  1:24  Drone  
  18  1:42  Drone  
  18  1:44  Drone  
  20  1:55  Overlord  
  20  2:06  Queen  
  20  2:07  Queen  
  20  2:08  Drone  
  25  2:10  Drone  
  26  2:15  Metabolic Boost  
  26  2:28  Baneling Nest  
  25  2:33  Drone x3  
  25  2:35  Drone  
  25  2:36  Drone  
  30  2:50  Zergling x4  
  30  2:51  Zergling x2  
  33  2:57  Drone  
  34  2:58  Drone  
  35  3:07  Overlord  
  35  3:08  Overlord  
  35  3:13  Baneling x2  
  35  3:14  Drone  
  35  3:18  Evolution Chamber  
  35  3:19  Drone x2, Extractor  
  36  3:35  Drone  
  36  3:36  Drone x5  
  42  3:49  Drone, Overlord  
  42  3:55  Spine Crawler  
  42  3:59  Overlord  
  42  4:02  Zerg Ground Armor Level 1  
  42  4:07  Hatchery, Zergling x12  
  46  4:19  Overlord  
  46  4:20  Drone x2  
  46  4:21  Drone  
  48  4:24  Extractor, Lair  
  48  4:25  Extractor  
  48  4:31  Queen  
  48  4:45  Baneling x4  
  47  5:04  Zergling x4  
  47  5:05  Zergling x10  
  51  5:11  Zergling x10  
  51  5:12  Zergling x2  
  56  5:15  Baneling x2  
  56  5:23  Spire  
  56  5:26  Drone x3  
  58  5:37  Drone x3  
  58  5:38  Drone, Extractor  
  61  5:43  Overlord  
  61  5:45  Extractor  
  60  5:50  Drone x4  
  60  5:51  Drone  
  65  6:04  Overlord  
  65  6:09  Overlord  
  65  6:10  Drone x3  
  65  6:11  Drone x3  
  71  6:16  Zerg Melee Weapons Level 1  
  71  6:21  Drone x4  
  71  6:23  Zergling x8  
  78  6:47  Mutalisk, Zerg Flyer Armor Level 1  
  78  6:48  Mutalisk x8  
  96  7:02  Drone, Overlord  
  96  7:03  Drone x3  
  99  7:20  Hatchery  
  86  7:44  Overlord  
  86  7:46  Mutalisk x7  
  86  7:47  Mutalisk x3  
  106  7:54  Mutalisk  
  106  7:56  Overlord x2  
  106  7:57  Overlord  
  108  8:19  Extractor  
  107  8:23  Extractor  
  107  8:26  Mutalisk  
  106  8:28  Mutalisk x4  
  106  8:32  Overlord  
  114  9:22  Zergling x2  
  114  9:24  Zergling x26  
  116  10:07  Mutalisk  
  116  10:09  Mutalisk x8  
  116  10:13  Baneling  
  134  10:14  Baneling x6  
  124  10:27  Baneling  
  123  10:28  Baneling x2  
  123  10:29  Baneling x14  
  123  10:33  Drone x3  
  123  10:34  Drone  
  127  10:43  Zergling x2  
  127  10:45  Zergling x14  
  124  11:07  Zergling x2  
  124  11:08  Zergling x10  
Show
View Real Time Build Order
Export as new Build Order

Tenonee Zerg 

Build Orders: Hatch First 

Get SALT Encoding   

  12  0:01  Drone  
  13  0:13  Overlord  
  13  0:18  Drone  
  14  0:32  Drone x2  
  16  0:36  Drone  
  17  0:47  Drone  
  18  0:58  Hatchery  
  18  1:02  Drone  
  18  1:04  Extractor  
  17  1:18  Spawning Pool  
  16  1:28  Drone x2  
  18  1:35  Drone  
  19  1:47  Overlord  
  19  1:56  Drone  
  20  2:08  Metabolic Boost  
  20  2:12  Queen  
  22  2:19  Queen  
  24  2:34  Baneling Nest  
  24  2:37  Drone x5  
  24  2:43  Drone  
  29  2:58  Zergling x4  
  31  3:14  Queen x2  
  31  3:15  Overlord  
  31  3:17  Overlord  
  35  3:31  Zergling x2  
  36  3:36  Zergling x2  
  36  3:37  Zergling x14  
  43  3:54  Roach Warren  
  43  3:55  Zergling x8  
  45  4:08  Zergling x2  
  45  4:09  Zergling x10  
  51  4:23  Baneling x2  
  43  4:26  Zergling x8  
  47  4:36  Drone x2  
  47  4:37  Drone x2  
  50  5:03  Hatchery  
  39  5:10  Lair  
  39  5:13  Extractor  
  37  5:16  Drone x3  
  37  5:19  Drone x3, Extractor  
  37  5:20  Extractor, Drone x3  
  44  5:21  Drone x2  
  44  5:27  Drone  
  46  5:36  Overlord  
  46  5:37  Overlord  
  45  6:12  Glial Reconstitution  
  45  6:14  Spore Crawler  
  45  6:17  Spore Crawler  
  43  6:19  Drone x6  
  43  6:20  Drone x7  
  56  6:28  Overlord x3  
  56  6:43  Roach x7  
  69  6:52  Spore Crawler  
  70  7:01  Roach x3  
  70  7:02  Roach x4  
  82  7:11  Roach x4  
  82  7:12  Roach x5  
  79  7:42  Roach  
  79  7:43  Roach x7  
  89  7:52  Extractor  
  89  7:53  Hatchery  
  89  7:54  Extractor  
  86  8:07  Overlord x3  
  82  8:20  Hydralisk Den  
  82  8:25  Spore Crawler x2  
  75  8:30  Spore Crawler  
  74  8:34  Spore Crawler  
  71  8:43  Overlord x3  
  69  8:54  Drone x3  
  72  9:01  Queen x2  
  76  9:04  Hydralisk x4  
  76  9:05  Hydralisk x3  
  90  9:15  Hydralisk  
  90  9:16  Hydralisk x2  
  96  9:29  Hydralisk x2  
  96  9:30  Hydralisk  
  95  9:51  Hydralisk  
  95  9:52  Hydralisk x4  
  95  10:02  Drone x6  
  96  10:09  Muscular Augments  
  94  10:25  Hydralisk x3  
  94  10:26  Roach x3  
  106  10:39  Overlord x3  
  106  10:40  Overlord  
  106  10:47  Overlord x3  
  106  10:48  Hatchery, Overlord x2  
  73  11:01  Hydralisk  
  73  11:02  Hydralisk x3, Roach x3  
  73  11:03  Roach  
  63  11:06  Roach  
  63  11:10  Roach  
  61  11:23  Roach x4  
Show
View Real Time Build Order
Export as new Build Order

CptHindsight Terran 

Build Orders: Liberator Opening 

Get SALT Encoding   

  12  0:00  SCV  
  13  0:13  SCV  
  14  0:18  Supply Depot  
  14  0:25  SCV  
  15  0:30  Refinery  
  15  0:40  SCV  
  16  0:47  Barracks  
  16  0:52  SCV  
  17  1:04  SCV  
  18  1:16  SCV  
  19  1:28  SCV  
  20  1:41  Command Center  
  20  1:50  Barracks Reactor  
  20  1:55  Factory  
  20  2:06  SCV  
  20  2:21  Orbital Command  
  20  2:28  Supply Depot, Refinery  
  20  2:31  Marine x2  
  22  2:44  Starport  
  22  2:47  Factory Reactor  
  22  2:51  Marine  
  22  2:58  SCV  
  24  3:00  SCV  
  25  3:10  SCV  
  26  3:19  Orbital Command  
  26  3:22  SCV  
  26  3:26  Liberator  
  27  3:28  Liberator  
  27  3:35  Marine x2  
  29  3:44  Barracks  
  29  3:47  SCV  
  36  3:50  SCV  
  36  3:55  Factory Tech Lab  
  37  3:56  Marine x2  
  37  3:59  SCV  
  37  4:02  SCV  
  41  4:11  SCV  
  41  4:12  Supply Depot  
  41  4:13  Marine  
  43  4:18  Siege Tank  
  46  4:33  Marine, SCV x2  
  46  4:36  Supply Depot  
  49  4:40  Barracks Tech Lab  
  49  4:42  Command Center  
  49  4:46  SCV  
  49  4:47  Medivac  
  49  4:51  Supply Depot  
  52  5:08  SCV x2  
  54  5:21  Engineering Bay  
  53  5:29  Marine x2  
  53  5:32  Marauder  
  53  5:33  Stimpack  
  53  5:34  Command Center  
  54  5:47  Marine x2  
  56  5:53  Marauder, SCV x2  
  56  5:56  Refinery  
  60  5:57  Siege Tank, Refinery  
  60  5:59  Medivac  
  65  6:05  Marine x2  
  67  6:15  Marauder  
  69  6:18  SCV  
  70  6:26  Terran Infantry Weapons Level 1  
  70  6:32  Engineering Bay  
  70  6:35  Armory  
  70  6:37  Supply Depot  
  70  6:38  Supply Depot, Marine x3  
  70  6:39  SCV x2  
  75  6:51  SCV x2  
  77  6:56  Marine x2  
  79  7:15  SCV x2  
  80  7:17  Marine x2, Marauder  
  75  7:34  Marine  
  75  7:36  Marine  
  70  7:38  Marauder  
  70  7:39  Widow Mine  
  70  7:40  Medivac x2  
  78  7:46  Terran Infantry Armor Level 1  
  78  7:48  Barracks  
  78  7:50  SCV  
  79  7:52  Marine  
  79  7:54  Marine  
  81  7:59  Marauder  
  81  8:04  Armory  
  83  8:08  Widow Mine  
  83  8:10  Marine, Medivac x2  
  83  8:12  Marine  
  91  8:21  Marauder  
  93  8:28  Marine  
  93  8:29  Marine  
  95  8:36  Missile Turret  
  95  8:37  Siege Tank  
  95  8:38  Missile Turret  
  95  8:40  Medivac  
  98  8:41  Missile Turret  
  98  8:42  Missile Turret, Marine  
  98  8:44  Missile Turret  
  98  8:46  Marine  
  100  8:51  Missile Turret  
  84  8:59  Marine x2  
  79  9:04  Marine  
  79  9:09  Siege Tank  
  83  9:16  Marine  
  84  9:17  Marine  
  84  9:25  Marine  
  81  9:35  Marine  
  82  9:41  Siege Tank  
  82  9:42  Marine  
  77  10:00  Marine  
Tags
 
Add a new tag
Caveats
  • Supply blocks, unpowered buildings, or Contaminate may cause inaccurate times.
  • Supply counts are checked every 10 seconds.